 Dungeon Crawl Stone Soup version 0.29-a0-82-g837932c90e (webtiles) character file.

Game seed: 14353079901861632108

2372 HallandMoats the Cleaver (level 9, -30/82 HPs)
             Began as a Minotaur Monk on Feb 4, 2022.
             Was a High Priest of Qazlal.
             Annihilated by a very large slime creature (49 damage)
             ... on level 8 of the Dungeon.
             The game lasted 00:07:14 (6455 turns).

HallandMoats the Cleaver (Minotaur Monk)            Turns: 6455, Time: 00:07:15

Health: -30/82     AC:  7    Str: 17    XL:     9   Next: 21%
Magic:  11/12      EV: 13    Int:  7    God:    Qazlal [*****.]
Gold:   323        SH:  6    Dex: 16    Spells: 8/8 levels left

rFire   . . .      SeeInvis .   a - +3 war axe (holy)
rCold   . . .      Faith    .   (no shield)
rNeg    + . .      Spirit   .   h - +0 ring mail
rPois   +          Reflect  .   (helmet restricted)
rElec   .          Harm     .   (no cloak)
rCorr   .          Rampage  .   g - +0 pair of gloves
Will    .....                   (no boots)
Stlth   +.........              (no amulet)
HPRegen 0.23/turn               o - ring of positive energy
MPRegen 0.13/turn               D - ring of poison resistance

@: repel missiles
A: horns 2, retaliatory headbutt
a: Renounce Religion, Upheaval, Elemental Force, Disaster Area


You were on level 8 of the Dungeon.
You worshipped Qazlal.
Qazlal was extremely pleased with you.
You visited 1 branch of the dungeon, and saw 8 of its levels.

You collected 323 gold pieces.

Inventory:

Hand Weapons
 a - a +3 war axe of holy wrath (weapon)
Armour
 g - a +0 pair of gloves (worn)
 h - a +0 ring mail (worn)
Jewellery
 o - a ring of positive energy (left hand)
 u - a ring of magical power
 w - a +4 ring of evasion
 B - a ring of protection from cold
 D - a ring of poison resistance (right hand)
Wands
 x - a wand of mindburst (15)
 y - a wand of iceblast (10)
 A - a wand of acid (17)
Scrolls
 c - 3 scrolls of teleportation
 e - a scroll of torment
 j - a scroll of enchant armour {unknown}
 m - a scroll of fog
 n - 2 scrolls of holy word
 r - a scroll of blinking
 F - 2 scrolls of summoning
Potions
 b - a potion of berserk rage {unknown}
 f - a potion of cancellation {unknown}
 i - 2 potions of heal wounds {unknown}
 k - a potion of flight {unknown}
 l - a potion of invisibility {unknown}
 p - 2 potions of might {unknown}
 q - a potion of haste {unknown}
 s - 6 potions of curing {unknown}
 t - a potion of mutation {unknown}
 v - a potion of resistance {unknown}
 z - a potion of brilliance {unknown}
 C - a potion of ambrosia {unknown}
 E - 2 potions of degeneration {unknown}


   Skills:
 * Level 8.4 Fighting
 * Level 8.4 Axes
 + Level 5.1 Armour
 + Level 5.8 Dodging
 - Level 1.5 Stealth
 * Level 5.5 Invocations


You had 8 spell levels left.
You didn't know any spells.
Your spell library contained the following spells:

 Spells                   Type           Power      Damage    Failure   Level
 Beastly Appendage        Tmut           0%         N/A       63%         1
 Wereblood                Tmut           0%         N/A       77%         2
 Dazzling Flash           Conj/Hex       0%         N/A       94%         3
 Ignite Poison            Fire/Tmut/Pois 0%         N/A       94%         3
 Mephitic Cloud           Conj/Pois/Air  0%         N/A       94%         3
 Ozocubu's Armour         Ice            0%         N/A       94%         3
 Spider Form              Tmut/Pois      0%         N/A       94%         3
 Anguish                  Hex/Necr       0%         N/A       100%        4
 Cause Fear               Hex            0%         N/A       100%        4
 Freezing Cloud           Conj/Ice/Air   0%         6-21      100%        5
 Yara's Violent Unravell  Hex/Tmut       0%         3d3       100%        5
 Ozocubu's Refrigeration  Ice            0%         4d5       100%        7


Dungeon Overview and Level Annotations

Branches:
Dungeon (8/15)             Temple (0/1) D:4            Lair (0/6) D:8

Altars:
Qazlal
Vehumet


Innate Abilities, Weirdness & Mutations

You have a pair of horns on your head.
You reflexively headbutt those who attack you in melee.


Message History

The yak closely misses you. You furiously retaliate!
You headbutt the yak, but do no damage. You closely miss the yak.
The yak is severely wounded.
You block the yak's attack.
You closely miss the yak.
The yak is severely wounded.
A slime creature comes into view.
The yak closely misses you. You furiously retaliate!
You headbutt the yak, but do no damage. You slash the yak!
You kill the yak!
Qazlal accepts your kill.
An orc comes into view. It is wielding a +0 club.
Two slime creatures merge to form a large slime creature.
You barely miss the yak.
The yak is almost dead.
The yak barely misses you.
Two slime creatures merge to form a very large slime creature.
You block the yak's attack.
You hit the yak. You headbutt the yak.
You kill the yak!
Qazlal accepts your kill.
You swing at nothing.
You hit the very large slime creature.
You headbutt the very large slime creature.
The very large slime creature is lightly wounded.
The very large slime creature closely misses you.
You furiously retaliate!
You headbutt the very large slime creature.
You barely miss the very large slime creature.
The very large slime creature is lightly wounded.
The very large slime creature hits you!!!
Ouch! That really hurt!
* * * LOW HITPOINT WARNING * * *
You slash the very large slime creature!
The very large slime creature is moderately wounded.
The very large slime creature hits you!!!
Ouch! That really hurt!
You die...

#.....## #.# ***,*,*
*,,,**, .⌠...⌠.####.##
*,*.##***,,,*,,
..))÷...##...###
*,,..#,,,,,,,,,
..)<)[.....#...#
***..#,^,,,,,,,
..)....###...#.#
*..#,,,,,,,,, .⌠...⌠.#
#####.# ##..#***,,,**,
#.....## #.# ##...#
*,,,**, ##.⌠..#
#.####J...#***,,,**,
##.#.#
#..@Jooo..#,,,,,,,**
###.#
######{.....o..,,,**
***#.#
*********##.###....,,,**
*,,,,* *,>,,,,,,,..#
*,...,,,** *,****
*,********#.#**,,,.,,,**
*,* *,* #..,,,,,,,,,,,
*,* *,* ###,,,,,,,,,**
*,* *,* *****,****** *,*
*,* *,*


You could see a very large slime creature, a slime creature, an orc warrior and
2 orcs.

Vanquished Creatures
  A wyvern (D:8)
  A steam dragon (D:8)
  3 yaks (D:8)
  A water moccasin (D:7)
  An orc warrior (D:7)
  A centaur (D:5)
  A phantom (D:4)
  3 scorpions
  A wyvern skeleton (D:6)
  8 wights (D:7)
  A centaur zombie (D:7)
  A hound (D:6)
  A gnoll shaman (D:7)
  6 orc priests
  2 iguanas (D:6)
  A bullfrog skeleton (D:5)
  Ijyb (D:5)
  2 orc wizards
  A killer bee zombie (D:7)
  A hound skeleton (D:5)
  7 adders
  8 gnolls
  A white imp (D:7)
  2 ufetubi (D:5)
  2 worms
  The ghost of elisander the Sneak, a weakling DsDe (D:6)
  2 dart slugs
  26 orcs
  6 endoplasms
  4 giant cockroaches
  7 goblins
  8 hobgoblins
  4 quokkas
  11 ball pythons
  4 bats
  3 frilled lizards
  10 kobolds
  8 rats
152 creatures vanquished.

Notes
Turn   | Place    | Note
-------+----------+-------------------------------------------
     0 | D:1      | HallandMoats the Minotaur Monk began the quest for the Orb.
     0 | D:1      | Reached XP level 1. HP: 19/19 MP: 0/0
    74 | D:1      | You fall into a shaft and drop 1 floor!
    80 | D:2      | Reached XP level 2. HP: 20/27 MP: 1/1
   118 | D:2      | Reached skill level 1 in Armour
   376 | D:2      | Reached XP level 3. HP: 33/33 MP: 2/2
  1407 | D:2      | Reached XP level 4. HP: 41/41 MP: 3/3
  1891 | D:3      | Found a faded altar of an unknown god.
  1940 | D:3      | Prayed at the altar of an unknown god.
  1940 | D:3      | Became a worshipper of Qazlal Stormbringer
  1940 | D:3      | Reached * piety under Qazlal
  1940 | D:3      | Reached ** piety under Qazlal
  2194 | D:4      | Reached *** piety under Qazlal
  2283 | D:4      | Found a staircase to the Ecumenical Temple.
  2301 | D:4      | Reached XP level 5. HP: 39/47 MP: 4/4
  2308 | D:4      | Reached skill level 5 in Axes
  2356 | D:4      | Reached skill level 5 in Fighting
  2356 | D:4      | Reached skill level 1 in Invocations
  2646 | D:4      | Got Sif Muna's Handbook of Beguiling
  2688 | D:4      | Noticed a phantom
  2695 | D:4      | Killed a phantom
  2696 | D:4      | Reached XP level 6. HP: 45/56 MP: 6/6
  3463 | D:5      | Entered Level 5 of the Dungeon
  3919 | D:5      | Reached **** piety under Qazlal
  3926 | D:5      | Reached XP level 7. HP: 17/63 MP: 8/8
  4250 | D:5      | Noticed Ijyb
  4261 | D:5      | Killed Ijyb
  4951 | D:6      | Found a runed translucent door.
  4955 | D:6      | Noticed elisander's ghost (weakling DsDe)
  5187 | D:6      | Killed elisander's ghost
  5334 | D:7      | Reached XP level 8. HP: 71/71 MP: 9/9
  5341 | D:7      | Reached skill level 5 in Dodging
  6007 | D:7      | Found a radiant altar of Vehumet.
  6164 | D:8      | Reached skill level 5 in Invocations
  6166 | D:8      | Reached ***** piety under Qazlal
  6438 | D:8      | Noticed a slime creature
  6440 | D:8      | Reached skill level 5 in Armour
  6440 | D:8      | Reached XP level 9. HP: 63/81 MP: 11/11
  6455 | D:8      | Annihilated by a very large slime creature

Illustrated notes

Levels and vault maps discovered:
D:1:      dpeg_arrival_rooms_b, layout_basic
D:2:      layout_basic, corexii_corridor_pit
D:3:      layout_rooms, chequers_ecumenical_altar_simple,
          nicolae_figureground_sparkle
D:4:      layout_layer_cave, minmay_temple_entry_tees, corexii_shack,
          hangedman_decor_clover_reticule
D:5:      layout_basic, uniq_ijyb
D:6:      layout_rooms, hellmonk_ghost_happy_afterlife, grunt_ministairs_10
D:7:      layout_gridville, mainiacjoe_overflow_paths
D:8:      layout_loops_ring, grunt_lair_entry_orc_guard_hut, enter_bailey_3,
          hangedman_feature_mirror, grunt_ministairs_2

Skill      XL: |  1  2  3  4  5  6  7  8 |
---------------+-------------------------+-----
Axes           | 4 5 6 8 |  8.4
Fighting       | 4 5 6 8 |  8.4
Armour         | 1 2 3 5 |  5.1
Dodging        | 4 5 |  5.8
Invocations    | 1 2 3 5 |  5.5
Stealth        | |  1.5

Action                   |  1- 3 |  4- 6 |  7- 9 || total
-------------------------+-------+-------+-------++-------
Melee: Hand axe          |    76 |   148 |    12 ||   236
       Headbutt          |     8 |    21 |    27 ||    56
       War axe           |       |       |   127 ||   127
       Punch             |       |       |     3 ||     3
  Use: Scroll            |       |       |     9 ||     9
 Stab: Sleeping          |     1 |     1 |       ||     2
Armor: Robe              |     1 |       |       ||     1
       Ring mail         |    19 |    47 |    31 ||    97
Dodge: Dodged            |    56 |    89 |    69 ||   214
       Repelled          |       |       |     1 ||     1
Block: Other             |       |    32 |    31 ||    63

Table legend: (Time is in decaauts)
 A = Elapsed time spent in this place.
 B = Non-inter-level travel time spent in this place.
 C = Inter-level travel time spent in this place.
 D = Time resting spent in this place.
 E = Time spent auto-exploring this place.
 F = Levels seen in this place.
 G = Mean time per level.
                   A        B        C        D        E       F      G
               +--------+--------+--------+--------+--------+-----+--------+
         Total |   6486 |   6203 |    283 |    659 |   4606 |   8 |  810.8 |
       Dungeon |   6486 |   6203 |    283 |    659 |   4606 |   8 |  810.8 |
               +--------+--------+--------+--------+--------+-----+--------+

Top non-repeatable levels by time:
     D:4: 1275 daAuts
     D:5: 1211 daAuts
     D:2: 1117 daAuts
     D:7: 953 daAuts
     D:1: 548 daAuts
     D:6: 544 daAuts
     D:3: 534 daAuts
     D:8: 300 daAuts
